 Dungeon Crawl Stone Soup version 0.26.1-11-gd32895ea62 (webtiles) character file.

Game seed: 5526638443247255050

11891 Elvor the Thaumaturge (level 11, -11/86 HPs)
             Began as a Gnoll Warper on June 28, 2021.
             Was a High Priest of Okawaru.
             Mangled by a stone giant (15 damage)
             ... in a volcano.
             The game lasted 01:53:32 (11778 turns).

Elvor the Thaumaturge (Gnoll Warper)               Turns: 11778, Time: 01:53:33

Health: -11/86     AC: 12    Str: 17    XL:     11   Next: 84%
Magic:  21/23      EV: 17    Int: 20    God:    Okawaru [*****.]
Gold:   758        SH:  5    Dex: 14    Spells: 19/26 levels left

rFire    + . .     SeeInvis .   a - +4 flail
rCold    x . .     Faith    .   (no shield)
rNeg     + . .     Spirit   .   C - +0 leather armour {rN+}
rPois    .         Reflect  +   p - +0 helmet
rElec    .         Harm     .   j - +0 cloak
rCorr    .         Rampage  .   V - +3 pair of gloves "Ymegg" {Int+4}
Will     .....                  T - +0 pair of boots
Stlth    +++.......             J - amulet of reflection
HPRegen  0.24/turn              E - ring of wizardry
MPRegen  0.18/turn              Z - ring of fire

@: studying Axes
A: distributed training, fangs 1, strong nose
a: Renounce Religion, Heroism, Finesse


You were in a volcano.
You worshipped Okawaru.
Okawaru was extremely pleased with you.
You visited 3 branches of the dungeon, and saw 12 of its levels.
You also visited: Ossuary and Volcano.

You collected 758 gold pieces.

Inventory:

Hand Weapons
 a - a +4 flail (weapon)
 x - a +0 whip of electrocution
 I - a +1 whip of freezing
Missiles
 e - 5 boomerangs of dispersal
 q - 21 poisoned darts (quivered)
 u - 118 sling bullets
 y - 5 boomerangs
 A - 10 silver boomerangs
 Q - 4 atropa-tipped darts
Armour
 j - a +0 cloak (worn)
 p - a +0 helmet (worn)
 C - a +0 leather armour of positive energy (worn)
 T - a +0 pair of boots (worn)
 V - the +3 pair of gloves "Ymegg" (worn) {Int+4}
   (You found it on level 7 of the Dungeon)

   It affects your intelligence (+4).
Jewellery
 c - an uncursed ring of protection from cold
 m - an uncursed ring of positive energy
 E - a ring of wizardry (left hand)
 J - an amulet of reflection (around neck)
 Z - a ring of fire (right hand)
Wands
 v - a wand of digging (6)
 B - a wand of iceblast (15)
 N - a wand of polymorph (9)
 R - a wand of flame (62)
 W - a wand of paralysis (3)
 Y - a wand of acid (5)
Scrolls
 b - a scroll of brand weapon {unknown}
 d - a scroll of blinking
 f - 5 scrolls of magic mapping
 g - a scroll of enchant weapon {unknown}
 h - 7 scrolls of remove curse
 n - a scroll of holy word {unknown}
 o - 5 scrolls of teleportation
 t - 2 scrolls of amnesia
 z - a scroll of immolation {unknown}
 G - 3 scrolls of fog
 L - a scroll of enchant armour {unknown}
 O - a scroll of noise {unknown}
 S - a scroll of torment {unknown}
Potions
 i - 2 potions of heal wounds
 k - 4 potions of cancellation
 r - 3 potions of curing
 w - 5 potions of brilliance
 D - 2 potions of might
 F - a potion of haste
 K - 2 potions of berserk rage
 M - a potion of lignification
 P - a potion of magic
 U - a potion of invisibility {unknown}
 X - 3 potions of mutation
Books
 l - a manual of Axes


   Skills:
 + Level 8.2 Fighting
 + Level 6.6 Short Blades
 + Level 6.6 Long Blades
 + Level 7.5 Axes
 + Level 8.2 Maces & Flails
 + Level 6.6 Polearms
 + Level 6.6 Staves
 + Level 6.6 Slings
 + Level 6.6 Bows
 + Level 6.6 Crossbows
 + Level 7.2 Throwing
 + Level 7.2 Armour
 + Level 8.2 Dodging
 + Level 6.6 Stealth
 + Level 6.6 Shields
 + Level 6.6 Unarmed Combat
 + Level 8.4 Spellcasting
 + Level 5.5 Conjurations
 + Level 5.5 Hexes
 + Level 5.5 Summonings
 + Level 5.5 Necromancy
 + Level 7.9 Translocations
 + Level 5.5 Transmutations
 + Level 5.5 Fire Magic
 + Level 5.5 Ice Magic
 + Level 5.5 Air Magic
 + Level 5.5 Earth Magic
 + Level 5.5 Poison Magic
 + Level 7.3 Invocations
 + Level 6.6 Evocations


You had 19 spell levels left.
You knew the following spells:

 Your Spells              Type           Power        Failure   Level
a - Blink                 Tloc           N/A          1%          2
b - Passage of Golubria   Tloc           N/A          1%          4
c - Apportation           Tloc           80%          1%          1

Your spell library contained the following spells:

 Spells                   Type           Power        Failure   Level
 Animate Skeleton         Necr           60%          1%          1
 Corona                   Hex            33%          1%          1
 Summon Small Mammal      Summ           100%         1%          1
 Gell's Gravitas          Tloc           20%          1%          3
 Lesser Beckoning         Tloc           20%          1%          3
 Teleport Other           Tloc           40%          1%          3


Dungeon Overview and Level Annotations

Branches:
Dungeon (10/15)            Temple (1/1) D:7            Lair (1/6) D:9
Ossuary (visited)         Volcano (1/1)
    Orc: D:9-12

Altars:
Ashenzari
Cheibriados
Dithmenos
Elyvilon
Fedhas
Gozag
Hepliaklqana
Kikubaaqudgha
Makhleb
Nemelex Xobeh
Okawaru
Qazlal
Ru
Sif Muna
Trog
Uskayaw
Vehumet
Wu Jian
Xom
Yredelemnul
Zin
The Shining One

Shops:
D:6 (


Innate Abilities, Weirdness & Mutations

Your experience applies equally to all skills.
You have very sharp teeth.
Your uncanny sense of smell can sniff out nearby items.


Message History

Press: ? - help, Q - select action, (/) - cycle Shift-Dir - straight line, f - stone giant
Aim: a stone giant, quivering 4 large rocks (black smoke, asleep, 98% to hit)
You throw a poisoned dart. The poisoned dart hits the stone giant!
The stone giant is poisoned.
The stone giant shouts!
Throw: 22 darts (poison)
Press: ? - help, Q - select action, (/) - cycle Shift-Dir - straight line, f/p - stone giant
Aim: a stone giant, quivering 4 large rocks (lightly wounded, very poisoned, 91% to hit)
You throw a poisoned dart. The poisoned dart hits the stone giant!
The stone giant looks as sick as possible!
The stone giant is lightly wounded.
The stone giant throws a large rock.
The large rock hits you!
The stone giant throws a large rock.
The large rock hits you!!
The stone giant throws a large rock.
The large rock hits you!!
* * * LOW HITPOINT WARNING * * *
You see here a large rock.
Casting: Blink (safe; 1% risk of failure)
Confirm with . or Enter, or press ? or * to list all spells.
You blink.
The stone giant hits you!
You die...

#### ###≈°#
##§°§≈###
#§§≈≈≈§§##
#≈§≈.≈≈≈§###
##§§.$§§§≈≈##
#§!@C)§≈§§§≈#
##∩.!!(§§≈≈○##
##(.#.≈§§≈○○####
####.§#######.####
##.§######.§§.§
###.......§≈§≈
###....≈§≈§≈
##...≈≈≈≈≈
#...§§§§≈


You could see a stone giant (very poisoned).

Vanquished Creatures
  2 two-headed ogres
  4 lindwurms (D:8)
  Pikel (D:5)
  Psyche (D:9)
  A komodo dragon (D:9)
  3 wyverns
  13 yaks
  A basilisk (D:9)
  Menkaure (D:7)
  2 water moccasins
  4 orc warriors
  2 sky beasts
  2 black bears
  2 ice beasts
  A phantom (D:8)
  7 ogres
  5 centaurs
  3 big kobolds
  7 bullfrogs
  4 scorpions
  4 wights
  5 howler monkeys
  A crimson imp (D:5)
  8 orc priests
  5 jellies
  Crazy Yiuf (D:2)
  8 hounds
  10 orc wizards
  Jessica (D:3)
  A bullfrog skeleton (D:8)
  6 iguanas
  4 worker ants
  A hound zombie (D:5)
  8 mummies (Ossuary)
  Robin (D:2)
  8 gnolls
  A howler monkey skeleton (D:9)
  A worker ant zombie (D:7)
  10 adders
  A shadow imp (D:10)
  4 white imps
  3 ufetubi (D:6)
  2 oozes
  2 adder skeletons (D:4)
  5 worms
  A dart slug (D:2)
  2 leopard geckos (D:6)
  38 orcs
  2 bats (D:2)
  4 giant cockroaches
  10 goblins
  12 hobgoblins
  9 jackals
  18 kobolds
  6 quokkas
  3 frilled lizards
  3 hobgoblin zombies (Ossuary)
  4 kobold zombies (Ossuary)
  An orc zombie (Ossuary)
  A quokka skeleton (D:9)
  5 rats
  A bush (D:4)
287 creatures vanquished.

Vanquished Creatures (others)
  4 fungi
  16 plants
20 creatures vanquished.

Grand Total: 307 creatures vanquished

Notes
Turn   | Place    | Note
-------+----------+-------------------------------------------
     0 | D:1      | Elvor the Gnoll Warper began the quest for the Orb.
     0 | D:1      | Reached XP level 1. HP: 20/20 MP: 6/6
   783 | D:1      | Reached XP level 2. HP: 25/26 MP: 7/7
   786 | D:1      | Learned a level 2 spell: Blink
  1021 | D:2      | Reached skill level 5 in Spellcasting
  1021 | D:2      | Reached XP level 3. HP: 23/31 MP: 7/9
  1041 | D:2      | Noticed an ogre
  1067 | D:2      | Killed an ogre
  1068 | D:2      | Reached skill level 1 in Short Blades
  1068 | D:2      | Reached skill level 1 in Long Blades
  1068 | D:2      | Reached skill level 1 in Axes
  1068 | D:2      | Reached skill level 1 in Polearms
  1068 | D:2      | Reached skill level 1 in Staves
  1068 | D:2      | Reached skill level 1 in Slings
  1068 | D:2      | Reached skill level 1 in Bows
  1068 | D:2      | Reached skill level 1 in Crossbows
  1068 | D:2      | Reached skill level 1 in Stealth
  1068 | D:2      | Reached skill level 1 in Shields
  1068 | D:2      | Reached skill level 1 in Unarmed Combat
  1068 | D:2      | Reached skill level 1 in Conjurations
  1068 | D:2      | Reached skill level 1 in Hexes
  1068 | D:2      | Reached skill level 1 in Summonings
  1068 | D:2      | Reached skill level 1 in Necromancy
  1068 | D:2      | Reached skill level 1 in Transmutations
  1068 | D:2      | Reached skill level 1 in Fire Magic
  1068 | D:2      | Reached skill level 1 in Ice Magic
  1068 | D:2      | Reached skill level 1 in Air Magic
  1068 | D:2      | Reached skill level 1 in Earth Magic
  1068 | D:2      | Reached skill level 1 in Poison Magic
  1068 | D:2      | Reached skill level 1 in Invocations
  1068 | D:2      | Reached skill level 1 in Evocations
  1068 | D:2      | Reached XP level 4. HP: 32/38 MP: 11/11
  1068 | D:2      | Reached XP level 5. HP: 37/43 MP: 12/12
  1078 | D:2      | Learned a level 4 spell: Passage of Golubria
  1205 | D:2      | Found a runed translucent door.
  1206 | D:2      | Noticed Crazy Yiuf
  1235 | D:2      | Killed Crazy Yiuf
  1634 | D:2      | Noticed Robin
  1654 | D:2      | Killed Robin
  1967 | D:3      | Reached XP level 6. HP: 13/50 MP: 11/13
  1982 | D:3      | HP: 2/50 [gnoll/+0 club (6)]
  2536 | D:3      | Reached skill level 5 in Fighting
  2536 | D:3      | Reached skill level 5 in Maces & Flails
  2536 | D:3      | Reached skill level 5 in Dodging
  2580 | D:3      | Noticed Jessica
  2791 | D:3      | Killed Jessica
  3174 | D:4      | Found a blossoming altar of Fedhas.
  3276 | D:4      | Reached XP level 7. HP: 23/56 MP: 15/15
  3491 | D:4      | Found a sand-covered staircase.
  3497 | Ossuary  | Entered an ossuary
  4511 | D:5      | Entered Level 5 of the Dungeon
  4554 | D:5      | Noticed Pikel
  4571 | D:5      | Killed Pikel
  4572 | D:5      | Reached XP level 8. HP: 48/63 MP: 15/17
  4762 | D:5      | Found a radiant altar of Vehumet.
  4763 | D:5      | Found a burning altar of Makhleb.
  5053 | D:5      | Learned a level 1 spell: Apportation
  5160 | D:5      | Found a bloodstained altar of Trog.
  5449 | D:6      | Found Mialy's Weapon Shop.
  5602 | D:6      | Reached XP level 9. HP: 67/69 MP: 18/18
  5926 | D:6      | Reached skill level 5 in Throwing
  5926 | D:6      | Reached skill level 5 in Armour
  6163 | D:6      | Found an ancient bone altar of Kikubaaqudgha.
  6240 | D:6      | Found a sparkling altar of Nemelex Xobeh.
  6328 | D:6      | Found an opulent altar of Gozag.
  6693 | D:7      | Noticed Menkaure
  7008 | D:7      | Killed Menkaure
  7031 | D:7      | Reached skill level 5 in Invocations
  7438 | D:7      | Reached XP level 10. HP: 32/77 MP: 20/20
  7467 | D:7      | Got a pair of steaming gloves
  7543 | D:7      | Found a staircase to the Ecumenical Temple.
  7554 | Temple   | Entered the Ecumenical Temple
  7780 | Temple   | Became a worshipper of Warmaster Okawaru
  7894 | D:7      | Identified the +3 pair of gloves "Ymegg" {Int+4} (You found
                  | it on level 7 of the Dungeon)
  8477 | D:8      | Reached skill level 5 in Short Blades
  8477 | D:8      | Reached skill level 5 in Long Blades
  8477 | D:8      | Reached skill level 5 in Axes
  8477 | D:8      | Reached skill level 5 in Polearms
  8477 | D:8      | Reached skill level 5 in Staves
  8477 | D:8      | Reached skill level 5 in Slings
  8477 | D:8      | Reached skill level 5 in Bows
  8477 | D:8      | Reached skill level 5 in Crossbows
  8477 | D:8      | Reached skill level 5 in Stealth
  8477 | D:8      | Reached skill level 5 in Shields
  8477 | D:8      | Reached skill level 5 in Unarmed Combat
  8477 | D:8      | Reached skill level 5 in Evocations
  8613 | D:8      | Found a basalt altar of Yredelemnul.
  8853 | D:8      | Noticed a lindwurm
  8870 | D:8      | Noticed a lindwurm
  8870 | D:8      | Noticed a lindwurm
  8870 | D:8      | Noticed a lindwurm
  9124 | D:8      | Killed a lindwurm
  9124 | D:8      | Reached * piety under Okawaru
  9135 | D:8      | Killed a lindwurm
  9147 | D:8      | Killed a lindwurm
  9147 | D:8      | Reached ** piety under Okawaru
  9168 | D:8      | Killed a lindwurm
  9751 | D:9      | Noticed a two-headed ogre
  9778 | D:8      | Reached XP level 11. HP: 49/84 MP: 16/22
  9852 | D:8      | Killed a two-headed ogre
  9852 | D:8      | Reached *** piety under Okawaru
  9853 | D:8      | Reached skill level 5 in Conjurations
  9853 | D:8      | Reached skill level 5 in Hexes
  9853 | D:8      | Reached skill level 5 in Summonings
  9853 | D:8      | Reached skill level 5 in Necromancy
  9853 | D:8      | Reached skill level 5 in Transmutations
  9853 | D:8      | Reached skill level 5 in Fire Magic
  9853 | D:8      | Reached skill level 5 in Ice Magic
  9853 | D:8      | Reached skill level 5 in Air Magic
  9853 | D:8      | Reached skill level 5 in Earth Magic
  9853 | D:8      | Reached skill level 5 in Poison Magic
 10144 | D:9      | Noticed Psyche
 10409 | D:9      | Killed Psyche
 10409 | D:9      | Reached **** piety under Okawaru
 10711 | D:9      | Noticed a two-headed ogre
 10735 | D:9      | Killed a two-headed ogre
 10735 | D:9      | Received a gift from Okawaru
 10753 | D:9      | Found a staircase to the Lair.
 11293 | D:10     | Entered Level 10 of the Dungeon
 11575 | Lair:1   | Entered Level 1 of the Lair of Beasts
 11628 | Lair:1   | Reached ***** piety under Okawaru
 11628 | Lair:1   | Received a gift from Okawaru
 11716 | Lair:1   | Found a dark tunnel.
 11722 | Volcano  | Entered a volcano
 11771 | Volcano  | Noticed a stone giant
 11777 | Volcano  | HP: 4/86 [stone giant/large rock (32)]
 11778 | Volcano  | Mangled by a stone giant

Illustrated notes

Levels and vault maps discovered:
D:1:      sevenhm_arrival_forest_fort_small_4, layout_loops_corners
D:2:      layout_rooms, cheibrodos_gnoll_hut, uniq_crazy_yiuf_cottage,
          uniq_robin
D:3:      layout_basic, uniq_jessica
D:4:      layout_cave_pods, nicolae_ossuary_entry_plus, serial_forest,
          infiniplex_forest_straight_5, infiniplex_forest_lined_3,
          infiniplex_forest_clump_curved, infiniplex_forest_straight_1,
          infiniplex_forest_lined_room_2, minmay_tree_intersection,
          grunt_decor_fettered, fedhas_altar_1
D:5:      layout_basic, grunt_temple_overflow_lords_of_destruction,
          lemuel_doored_altar, uniq_pikel
D:6:      layout_rooms, old_standard_altar, general_overflow_altar,
          nemelex_altar_shiori, serial_shops, shop, serial_corexii_hall,
          corexii_hall_statues_t, chequers_hall_statues_wall_a,
          chequers_hall_statues_y, corexii_hall_statues_i
D:7:      hangedman_cross_stitches, layout_layer_cave, temple_hall,
          serial_rivers, chequers_serial_rivers_small_b,
          chequers_serial_rivers_marsh, chequers_serial_rivers_micro_c,
          chequers_serial_rivers_small_a, uniq_menkaure
D:8:      layout_rooms, basic_altar, minmay_lindwurm_lava
D:9:      layout_basic, minmay_lair_entry_grove, uniq_psyche
D:10:     layout_roguey, hangedman_ranch [blue_anna_fruit_fields], uniq_grum
Temple:   eino_temple_scatter_basement
Lair:1:   layout_cave_pods, basic_altar, nicolae_volcano_entry_s_turn
Volcano:  volcano_pools

Skill      XL: |  1  2  3  4  5  6  7  8  9 10 11 |
---------------+----------------------------------+-----
Spellcasting   | 5 6 7 8 |  8.4
Short Blades   | 1 2 3 4 5 6 |  6.6
Long Blades    | 1 2 3 4 5 6 |  6.6
Axes           | 1 2 3 4 5 7 |  7.5
Polearms       | 1 2 3 4 5 6 |  6.6
Staves         | 1 2 3 4 5 6 |  6.6
Slings         | 1 2 3 4 5 6 |  6.6
Bows           | 1 2 3 4 5 6 |  6.6
Crossbows      | 1 2 3 4 5 6 |  6.6
Stealth        | 1 2 3 4 5 6 |  6.6
Shields        | 1 2 3 4 5 6 |  6.6
Unarmed Combat | 1 2 3 4 5 6 |  6.6
Conjurations   | 1 2 3 4 5 |  5.5
Hexes          | 1 2 3 4 5 |  5.5
Summonings     | 1 2 3 4 5 |  5.5
Necromancy     | 1 2 3 4 5 |  5.5
Transmutations | 1 2 3 4 5 |  5.5
Fire Magic     | 1 2 3 4 5 |  5.5
Ice Magic      | 1 2 3 4 5 |  5.5
Air Magic      | 1 2 3 4 5 |  5.5
Earth Magic    | 1 2 3 4 5 |  5.5
Poison Magic   | 1 2 3 4 5 |  5.5
Invocations    | 1 2 3 4 5 6 7 |  7.3
Evocations     | 1 2 3 4 5 6 |  6.6
Throwing       | 3 4 5 6 7 |  7.2
Armour         | 3 4 5 6 7 |  7.2
Fighting       | 5 6 7 8 |  8.2
Maces & Flails | 5 6 7 8 |  8.2
Dodging        | 5 6 7 8 |  8.2
Translocations | 6 7 |  7.9

Action                   |  1- 3 |  4- 6 |  7- 9 | 10-12 || total
-------------------------+-------+-------+-------+-------++-------
Melee: Mace              |    50 |     2 |       |       ||    52
       Bite              |     3 |    13 |    35 |    32 ||    83
       Flail             |       |    98 |   309 |   304 ||   711
       Quarterstaff      |       |    28 |       |       ||    28
       Punch             |       |       |     5 |    12 ||    17
 Fire: Hunting sling     |       |       |    48 |       ||    48
Throw: Stone             |    18 |       |       |     9 ||    27
       Dart              |     4 |    61 |   155 |   200 ||   420
       Boomerang         |       |       |       |    28 ||    28
 Cast: Blink             |       |     9 |     6 |     9 ||    24
Invok: Heroism           |       |       |       |     2 ||     2
Evoke: Wand              |       |       |     8 |     8 ||    16
  Use: Scroll            |       |       |    12 |     6 ||    18
       Potion            |       |       |     1 |     2 ||     3
 Stab: Sleeping          |       |     1 |     6 |       ||     7
       Invisible         |       |       |       |     1 ||     1
Armor: Leather armour    |    12 |    15 |    79 |    89 ||   195
Dodge: Dodged            |    44 |    91 |   214 |   256 ||   605
Block: Other             |       |       |    52 |    89 ||   141
       Reflection        |       |       |     5 |     4 ||     9
